 Dungeon Sprint DCSS version 0.23.2-1-ga50397a (webtiles) character file.

Game seed: 11553492637778929126

553 doot the Tainter (level 7, -4/54 HPs)
             Began as a Demonspawn Venom Mage on Apr 15, 2019.
             Was a High Priest of Vehumet.
             Slain by Grinder (8 damage)
             ... while paralysed by Grinder
             ... in the Dungeon (Sprint VII: "The Pits").
             The game lasted 00:04:45 (1133 turns).

doot the Tainter (Demonspawn Venom Mage)            Turns: 1133, Time: 00:04:46

Health: -4/54      AC: -4    Str:  8    XL:     7   Next: 8%
Magic:  13/14      EV:  2    Int: 18    God:    Vehumet [*****.]
Gold:   0          SH:  0    Dex: 19    Spells: 3/16 levels left

rFire    . . .     SeeInvis .   q - +4 quarterstaff (chaos)
rCold    . . .     Gourm    .   (shield currently unavailable)
rNeg     . . .     Faith    .   a - +0 robe
rPois    .         Spirit   .   (no helmet)
rElec    .         Reflect  .   (no cloak)
rCorr    .         Harm     .   (no gloves)
MR       .....     NoTele   +   (no boots)
Stlth    ++++......             (no amulet)
HPRegen  0.18/turn              (no ring)
MPRegen  0.14/turn              (no ring)

@: paralysed, agile, corroded, berserk cooldown, hasted and slowed
A: thin metallic scales 1, demonic guardian 1, powered by pain 2
a: Renounce Religion


You were in the Dungeon.
You worshipped Vehumet.
Vehumet was extremely pleased with you.
You were hungry.

You visited 1 branch

Inventory:

Hand Weapons
 b - a +2 quarterstaff
 o - a +2 quarterstaff of protection
 q - a +4 quarterstaff of chaos (weapon)
Armour
 a - a +0 robe (worn)
 p - a +3 chain mail
Magical Staves
 n - an uncursed staff of energy
Scrolls
 i - a scroll of blinking
 k - 3 scrolls of remove curse
 l - 5 scrolls of amnesia
 m - a scroll of summoning
Potions
 d - 6 potions of curing
 e - 6 potions of heal wounds
 g - 4 potions of magic
 h - 2 potions of berserk rage
 j - 2 potions of invisibility
Comestibles
 c - 9 rations


   Skills:
 + Level 4.2 Fighting
 + Level 7.6 Staves
 + Level 5.0 Dodging
 + Level 4.0 Stealth
 + Level 5.0 Spellcasting
 + Level 1.7 Conjurations
 + Level 9.1 Poison Magic


You had 3 spell levels left.
You knew the following spells:

 Your Spells              Type           Power        Failure   Level  Hunger
a - Sting                 Conj/Pois      ###.         1%          1    None
b - Olgreb's Toxic Radia  Pois           #####...     1%          4    ####...
c - Mephitic Cloud        Conj/Pois/Air  ###.....     2%          3    ##.....
d - Venom Bolt            Conj/Pois      ###.......   11%         5    ######.

Your spell library contained the following spells:

 Spells                   Type           Power        Failure   Level  Hunger
 Fireball                 Conj/Fire      #.........   52%         5    ######.
 Poisonous Vapours        Pois/Air       ###...       3%          2    #......


Dungeon Overview and Level Annotations

Branches:
Dungeon (1/1)

Altars:
Ashenzari
Cheibriados
Dithmenos
Elyvilon
Fedhas
Gozag
Hepliaklqana
Kikubaaqudgha
Makhleb
Nemelex Xobeh
Okawaru
Qazlal
Ru
Sif Muna
Trog
Uskayaw
Vehumet
Wu Jian
Xom
Yredelemnul
Zin
The Shining One
Beogh
Jiyva
Lugonu

Annotations:
D Grinder


Innate Abilities, Weirdness & Mutations

You are partially covered in thin metallic scales. (AC +2)
A weak demonic guardian rushes to your aid.
You sometimes gain power by taking damage.


Message History

You feel yourself slow down.
Grinder says, "I used to sell toenails on the black market."
You see here a cursed +0 cloak.
Unknown command.
You feel yourself speed up.
Unknown command.
You sock Grinder!
Grinder convulses!
Grinder is severely wounded.
Grinder barely misses you.
Unknown command.
You hit Grinder but do no damage.
Grinder is severely wounded.
Grinder misses you.
Unknown command.
You barely miss Grinder.
Grinder is severely wounded.
Grinder gestures at you.
You suddenly lose the ability to move!
Grinder hits you!
You die...

#_________.#
#_______...#######
##########'##.....
#.?(.')))'.##.....
##########.##.....
#...........'.....
#'#####'#####.....
#5#..#..#..##.....
#@#..'..)..#####'#
#5##+####)###.....
#.#........##.....
#.#........##.....
#.#####'#####...<.
#.#..[)))..##.....
#.#...))...##.....
#'###########.....
#...5...#M. ######


You could see Grinder and a friendly quasit.

Vanquished Creatures
  A water moccasin (D)
  A floating eye (D)
  A porcupine (D)
  A small abomination (D)
  2 jellies (D)
  An orc priest (D)
  Crazy Yiuf (D)
  A worker ant (D)
  A gnoll (D)
  An adder (D)
  An ufetubus (D)
  2 oozes (D)
  A leopard gecko (D)
  A bat (D)
  A bat zombie (D)
  A hobgoblin (D)
  A kobold (D)
  A goblin (D)
20 creatures vanquished.

Notes
Turn   | Place    | Note
-------+----------+-------------------------------------------
     0 | D        | doot the Demonspawn Venom Mage began the quest for the Orb.
     0 | D        | Reached XP level 1. HP: 13/13 MP: 3/3
    83 | D        | Found a bloodstained altar of Trog.
    83 | D        | Found a deep blue altar of Sif Muna.
    83 | D        | Found a viscous altar of Jiyva.
    83 | D        | Found a hazy altar of Hepliaklqana.
    83 | D        | Found an opulent altar of Gozag.
    84 | D        | Found a glowing golden altar of the Shining One.
    84 | D        | Found a glowing silver altar of Zin.
    84 | D        | Found a basalt altar of Yredelemnul.
    84 | D        | Found a shimmering altar of Xom.
    84 | D        | Found an ornate altar of the Wu Jian Council.
    84 | D        | Found a sacrificial altar of Ru.
    84 | D        | Found a stormy altar of Qazlal.
    84 | D        | Found an iron altar of Okawaru.
    84 | D        | Found a sparkling altar of Nemelex Xobeh.
    84 | D        | Found a burning altar of Makhleb.
    84 | D        | Found a blossoming altar of Fedhas.
    84 | D        | Found a white marble altar of Elyvilon.
    84 | D        | Found a shadowy altar of Dithmenos.
    84 | D        | Found a snail-covered altar of Cheibriados.
    85 | D        | Found a radiant altar of Vehumet.
    85 | D        | Found a corrupted altar of Lugonu.
    85 | D        | Found a roughly hewn altar of Beogh.
    86 | D        | Found a hide-covered altar of Uskayaw.
    86 | D        | Found an ancient bone altar of Kikubaaqudgha.
    86 | D        | Found a shattered altar of Ashenzari.
   106 | D        | Became a worshipper of Vehumet
   125 | D        | Reached skill level 4 in Poison Magic
   177 | D        | Noticed a floating eye
   183 | D        | Killed a floating eye
   183 | D        | Reached skill level 7 in Poison Magic
   183 | D        | Gained mutation: You are partially covered in thin metallic
                  | scales. (AC +2) [demonic ancestry]
   183 | D        | Reached XP level 2. HP: 19/19 MP: 3/6
   183 | D        | Reached XP level 3. HP: 24/24 MP: 4/8
   183 | D        | Gained mutation: You sometimes gain a little power by
                  | taking damage. [demonic ancestry]
   183 | D        | Reached XP level 4. HP: 30/30 MP: 4/9
   187 | D        | Reached * piety under Vehumet
   187 | D        | Offered knowledge of Freeze by Vehumet.
   269 | D        | Reached ** piety under Vehumet
   272 | D        | Reached skill level 1 in Fighting
   353 | D        | Learned a level 4 spell: Olgreb's Toxic Radiance
   357 | D        | Learned a level 3 spell: Mephitic Cloud
   370 | D        | Offered knowledge of Magic Dart by Vehumet.
   370 | D        | Reached XP level 5. HP: 35/37 MP: 11/11
   437 | D        | Noticed a water moccasin
   457 | D        | Killed a water moccasin
   457 | D        | Reached *** piety under Vehumet
   457 | D        | Reached skill level 8 in Poison Magic
   709 | D        | Noticed Crazy Yiuf
   709 | D        | Noticed a porcupine
   724 | D        | Killed a porcupine
   724 | D        | Offered knowledge of Throw Frost by Vehumet.
   724 | D        | Reached skill level 5 in Staves
   724 | D        | Gained mutation: You sometimes gain power by taking damage.
                  | [demonic ancestry]
   724 | D        | Reached XP level 6. HP: 47/47 MP: 4/13
   726 | D        | Killed Crazy Yiuf
   727 | D        | Reached **** piety under Vehumet
   826 | D        | Learned a level 5 spell: Venom Bolt
   876 | D        | Offered knowledge of Force Lance by Vehumet.
   876 | D        | Reached skill level 9 in Poison Magic
  1098 | D        | Noticed Grinder
  1106 | D        | Offered knowledge of Fireball by Vehumet.
  1106 | D        | Reached skill level 5 in Dodging
  1106 | D        | Gained mutation: A weak demonic guardian rushes to your
                  | aid. [demonic ancestry]
  1106 | D        | Reached XP level 7. HP: 44/54 MP: 9/14
  1122 | D        | Reached ***** piety under Vehumet
  1122 | D        | Reached skill level 5 in Spellcasting
  1123 | D        | HP: 4/81 [Grinder/nerve-wracking pain (13)]
  1132 | D        | Paralysed by Grinder for 4 turns
  1133 | D        | Slain by Grinder

Skill      XL: |  1  2  3  4  5  6  7 |
---------------+----------------------+-----
Dodging        | 3 4 5 |  5.0
Stealth        | 3 4 |  4.0
Poison Magic   | 7 8 9 |  9.1
Staves         | 2 5 7 |  7.6
Spellcasting   | 3 4 5 |  5.0
Fighting       | 1 3 4 |  4.2
Conjurations   | |  1.7

Action                   |  1- 3 |  4- 6 |  7- 9 || total
-------------------------+-------+-------+-------++-------
Melee: Quarterstaff      |     6 |    49 |     8 ||    63
 Cast: Sting             |     5 |     2 |       ||     7
       Olgreb's Toxic Ra |       |     3 |       ||     3
       Venom Bolt        |       |       |     1 ||     1
  Use: Potion            |       |       |     2 ||     2
 Stab: Distracted        |       |       |     1 ||     1
  Eat: Chunk             |       |     1 |       ||     1
Armor: Robe              |     2 |    12 |       ||    14
Dodge: Dodged            |     2 |    35 |     9 ||    46
